 Dungeon Crawl Stone Soup version 0.31-a0-1204-ge2c1a860ed (webtiles) character file.

Game seed: 10467334273246539390

45312 hikkokomori the Geomancer (level 14, -8/94 HPs)
             Began as a Gargoyle Earth Elementalist on Dec 12, 2023.
             Mangled by a death yak (22 damage)
             ... on level 5 of the Lair of Beasts.
             The game lasted 00:41:42 (19742 turns).

hikkokomori the Geomancer (GrEE)                   Turns: 19742, Time: 00:41:43

Health: -8/94      AC: 17    Str: 13    XL:     14   Next: 32%
Magic:  3/29       EV: 17    Int: 20    God:
Gold:   803        SH:  0    Dex: 10    Spells: 14/35 levels left

rFire   x . .        w - +4 short sword (drain)
rCold   + . .        (no shield)
rNeg    + . .        H - +0 toga "Victory" {*Victory Clar}
rPois   ∞            e - +1 hat
rElec   +            p - scarf {shadows}
rCorr   .            v - +1 pair of gloves
SInv    .            X - +1 pair of boots
Will    +....        h - amulet of the acrobat
Stlth   ++++         K - +5 ring of evasion
HPRegen 0.35/turn    q - ring of ice
MPRegen 0.21/turn

%: acrobat, clarity
@: about to teleport, flying
A: sickness immunity, AC +10, big wings, negative energy resistance 1,
electricity resistance, torment resistance 1, petrification resistance
a: no special abilities


You were on level 5 of the Lair of Beasts.
You visited 2 branches of the dungeon, and saw 15 of its levels.

You collected 1293 gold pieces.
You spent 490 gold pieces at shops.

Inventory:

Hand Weapons
 c - a +1 whip of venom
 w - a +4 short sword of draining (weapon)
 Q - a +1 broad axe of draining
Missiles
 g - 5 throwing nets
Armour
 e - a +1 hat (worn)
 p - a scarf of shadows (worn)
 v - a +1 pair of gloves (worn)
 H - the +0 toga "Victory" (worn) {*Victory Clar}
   (You found it on level 7 of the Dungeon)

   *Victory:  When the wearer kills a threatening monster, it has a chance to
   gain +1 AC, +1 Slay, and +1 Int, capping at +7.
   When the wearer uses a scroll or a potion with a hostile monster in sight,
   its bonuses reset to +0.
   Unequipping it also resets its bonuses to +0.
   Clar:      It protects you from confusion, rage, mesmerisation and fear.
 O - the +3 leather armour "Befry" {rC+ rN+}
   (You found it on level 10 of the Dungeon)

   rC+:       It protects you from cold.
   rN+:       It protects you from negative energy.
 R - +0 steam dragon scales
 X - a +1 pair of boots (worn)
Magical Staves
 t - a staff of poison
 C - a staff of conjuration
Jewellery
 a - a +5 ring of evasion
 h - an amulet of the acrobat (around neck)
 q - a ring of ice (right hand)
 K - a +5 ring of evasion (left hand)
 V - a ring of magical power
 W - a +6 ring of dexterity
Wands
 x - a wand of flame (45)
 y - a wand of charming (8)
 B - a wand of acid (18)
 L - a wand of digging (5)
 P - a wand of mindburst (17)
 T - a wand of roots (1)
Scrolls
 d - 5 scrolls of teleportation
 n - 4 scrolls of silence
 z - a scroll of vulnerability
 D - 2 scrolls of revelation
 F - a scroll of amnesia
 G - 2 scrolls of fog
 J - a scroll of enchant weapon
 N - a scroll of enchant armour
 S - 6 scrolls of identify
Potions
 b - 2 potions of magic
 i - 5 potions of curing
 j - 3 potions of mutation
 l - a potion of lignification
 m - 2 potions of enlightenment
 r - 3 potions of heal wounds
 s - 2 potions of brilliance
 E - 2 potions of berserk rage {unknown}
 I - a potion of ambrosia
 M - a potion of degeneration {unknown}
 U - a potion of resistance {unknown}
 Y - a potion of haste {unknown}
 Z - a potion of attraction {unknown}


   Skills:
 + Level 13.1 Fighting
 - Level 1.6 Dodging
 - Level 9.2 Stealth
 + Level 11.4 Spellcasting
 + Level 11.8 Conjurations
 - Level 0.9 Transmutations
 + Level 13.6 Earth Magic
 - Level 4.9 Evocations


You had 14 spell levels left.
You knew the following spells:

 Your Spells              Type           Power      Damage    Failure   Level
a - Sandblast             Erth           100%       2d20      1%          1
b - Stone Arrow           Conj/Erth      100%       3d13      1%          3
c - Brom's Barrelling Bo  Conj/Erth      58%        2d7       1%          4
d - Lee's Rapid Deconstr  Erth           30%        3d16*     1%          5
e - Bombard               Conj/Erth      29%        9d5       4%          6
f - Passwall              Tmut/Erth      33%        N/A       1%          2

Your spell library contained the following spells:

 Spells                   Type           Power      Damage    Failure   Level
 Leda's Liquefaction      Hex/Erth       19%        N/A       3%          4
 Petrify                  Tmut/Erth      40%        N/A       3%          4
 Flame Wave               Conj/Fire      35%        2d10      5%          4
 Apportation              Tloc           22%        N/A       6%          1
 Necrotise                Necr           44%        1d6       6%          1
 Summon Small Mammal      Summ           44%        N/A       6%          1
 Wereblood                Tmut           15%        N/A       6%          2
 Scorch                   Fire           22%        2d5       9%          2
 Call Canine Familiar     Summ           11%        N/A       19%         3
 Sigil of Binding         Hex            11%        N/A       19%         3
 Dimensional Bullseye     Hex/Tloc       5%         N/A       52%         4
 Summon Cactus Giant      Summ           5%         N/A       100%        6
 Summon Hydra             Summ           5%         N/A       100%        7
 Sublimation of Blood     Necr           Unusable   N/A       N/A         2

Dungeon Overview and Level Annotations

Branches:
Dungeon (10/15)            Temple (0/1) D:7            Lair (5/5) D:10
  Swamp (0/4) Lair:3       Spider (0/4) Lair:3        Slime (0/5) Lair:4
    Orc (0/2) D:9

Altars:
Dithmenos
Fedhas
Okawaru
Qazlal
Vehumet
Yredelemnul
Zin
The Shining One
Jiyva

Shops:
D:8 ?   D:9 =


Innate Abilities, Weirdness & Mutations

You are immune to sickness and miasma.
Your stone body is resilient. (AC +10)
You are immune to poison.
Your large and strong wings let you fly.
You resist negative energy. (rN+)
You are resistant to electric shocks. (rElec)
You are resistant to unholy torment.
You are immune to petrification.


Message History

Confirm with . or Enter, or press ? or * to list all spells.
Aiming: Stone Arrow (safe; 1% risk of failure)
Press: ? - help, Shift-Dir - straight line, f - death yak
Aim: a death yak (92% to hit)
The stone arrow hits the death yak!
The death yak is lightly wounded.
The death yak gores you!!
* * * LOW HITPOINT WARNING * * *
Unknown command.
Unknown command.
Casting: Stone Arrow (safe; 1% risk of failure)
Confirm with . or Enter, or press ? or * to list all spells.
Aiming: Stone Arrow (safe; 1% risk of failure)
Press: ? - help, Shift-Dir - straight line, f/p - death yak
Aim: a death yak (lightly wounded, 92% to hit)
The stone arrow hits the death yak!
The death yak is moderately wounded.
The death yak gores you.
* * * LOW HITPOINT WARNING * * *
Unknown command.
Unknown command.
The death yak attacks as it pursues you!
The death yak closely misses you.
As you read the scroll of teleportation, it crumbles to dust.
You feel strangely unstable.
The +0 toga "Victory" stops glowing.
The death yak gores you!
* * * LOW HITPOINT WARNING * * *
Unknown command.
Unknown command.
Unknown command.
Casting: Stone Arrow (safe; 1% risk of failure)
Confirm with . or Enter, or press ? or * to list all spells.
Aiming: Stone Arrow (safe; 1% risk of failure)
Press: ? - help, Shift-Dir - straight line, f/p - death yak
Aim: a death yak (moderately wounded, 92% to hit)
The stone arrow hits the death yak.
The death yak is moderately wounded.
The death yak gores you!!
You die...

##...Y.....##.# ###
#...#Y##.###### #
#.###########..Y###########
### ##.#..#.##.#....#
##.....## #..
#..............#####.......#
##..
..##.....P..#..#..##.......#
#...
...##...P..##.†P#####....).#
##..
...##.........P...##.Y....##
###
..####...#..#...@..##Y...####
## ..#
#[####.#...#Y#####...#.# ##.
.## ### ##.....## ##...####..
## ###..## ##Y...(... ###..#
##.......## ##...##
##......#.## ##...##
####.....#####. #...###
#..Y...### #.
##..Y.####YY..#..#### ##


You could see a death yak.

Vanquished Creatures
  An ice dragon (Lair:5)
  4 hydras
  A ghost crab (Lair:3)
  2 catoblepae
  4 two-headed ogres
  5 death yaks
  Pikel (D:5)
  A lindwurm (Lair:5)
  Maurice (D:8)
  9 elephants
  4 black mambas
  Maggie (Lair:2)
  11 cane toads
  A gargoyle (D:10)
  6 torpor snails (Lair:5)
  A kobold demonologist (D:10)
  2 rime drakes
  5 komodo dragons
  A spectral skyshark (Lair:3)
  A meliai (Lair:3)
  2 polar bears
  A troll (D:9)
  4 tyrant leeches (Lair:5)
  13 blink frogs
  6 hornets (Lair:5)
  Grinder (D:6)
  5 dream sheep
  A basilisk (Lair:4)
  65 yaks
  3 wyverns
  3 wargs (D:10)
  10 water moccasins
  An ice beast (D:7)
  An orc warrior (D:7)
  A spectral blink frog (Lair:3)
  2 sky beasts (D:8)
  A centaur (D:7)
  5 wolves (Lair:4)
  2 ogres
  A phantom (D:6)
  A lemure (D:5)
  4 kobold brigands
  9 bullfrogs
  A gnoll sergeant (D:8)
  A spectral wyvern (Lair:3)
  4 scorpions
  11 wights
  9 killer bees
  An electric eel (Lair:2)
  A howler monkey (D:9)
  2 hounds
  4 orc priests
  5 jellies (Lair:4)
  Jessica (D:2)
  2 iguanas
  4 orc wizards
  Robin (D:2)
  13 gnolls
  8 adders
  2 ufetubi (D:7)
  3 worms
  2 dart slugs (D:3)
  31 orcs
  10 ball pythons
  5 bats
  8 endoplasms
  3 giant cockroaches
  15 goblins
  6 hobgoblins
  2 jackals (D:1)
  6 quokkas
  2 frilled lizards (D:1)
  19 kobolds
  4 rats
390 creatures vanquished.

Vanquished Creatures (collateral kills)
  2 killer bees (D:8)
  A goblin (D:3)
  A boulder (D:10)
4 creatures vanquished.

Vanquished Creatures (others)
  A killer bee (D:8)
  An orc wizard (D:10)
  2 boulders
4 creatures vanquished.

Grand Total: 398 creatures vanquished

Notes
Turn   | Place    | Note
-------+----------+-------------------------------------------
     0 | D:1      | hikkokomori the Gargoyle Earth Elementalist began the quest
                  | for the Orb.
     0 | D:1      | Reached XP level 1. HP: 10/10 MP: 3/3
   189 | D:1      | Reached XP level 2. HP: 15/15 MP: 1/5
   661 | D:1      | You fall into a shaft and drop 1 floor!
   750 | D:2      | Reached skill level 1 in Fighting
   750 | D:2      | Reached XP level 3. HP: 20/20 MP: 3/6
   793 | D:2      | Noticed Jessica
   818 | D:2      | Killed Jessica
   819 | D:2      | Reached XP level 4. HP: 11/25 MP: 1/7
   924 | D:2      | Noticed Robin
   928 | D:2      | Killed Robin
  1520 | D:2      | Found a faded altar of an unknown god.
  1947 | D:1      | Reached XP level 5. HP: 30/30 MP: 7/9
  2718 | D:3      | Found a blossoming altar of Fedhas.
  2721 | D:3      | Found a basalt altar of Yredelemnul.
  2724 | D:3      | Found a glowing silver altar of Zin.
  2727 | D:3      | Found a radiant altar of Vehumet.
  2735 | D:3      | Learned a level 3 spell: Stone Arrow
  3225 | D:4      | Noticed an ogre
  3227 | D:4      | Reached skill level 5 in Earth Magic
  3242 | D:4      | Killed an ogre
  3243 | D:4      | Reached XP level 6. HP: 9/37 MP: 4/11
  3601 | D:4      | Found a glowing golden altar of the Shining One.
  4292 | D:5      | Entered Level 5 of the Dungeon
  4521 | D:5      | Reached XP level 7. HP: 33/41 MP: 7/12
  5536 | D:5      | Noticed Pikel
  5547 | D:5      | Killed Pikel
  5548 | D:5      | Reached skill level 5 in Stealth
  5548 | D:5      | Reached XP level 8. HP: 19/48 MP: 5/15
  6164 | D:6      | Reached skill level 5 in Fighting
  6214 | D:6      | Reached skill level 5 in Spellcasting
  6383 | D:6      | Noticed Grinder
  6397 | D:6      | Paralysed by Grinder for 4 turns
  6403 | D:6      | Killed Grinder
  6501 | D:6      | Reached XP level 9. HP: 51/55 MP: 12/17
  6876 | D:7      | Reached skill level 1 in Conjurations
  7179 | D:7      | Found the +0 toga "Victory" {*Victory Clar}
  7302 | D:7      | Found a staircase to the Ecumenical Temple.
  8113 | D:8      | Noticed a two-headed ogre
  8140 | D:8      | Noticed a two-headed ogre
  8151 | D:8      | Learned a level 4 spell: Brom's Barrelling Boulder
  8281 | D:8      | Killed a two-headed ogre
  8282 | D:8      | Reached skill level 1 in Evocations
  8431 | D:8      | Noticed Maurice
  8446 | D:8      | Killed Maurice
  8447 | D:8      | Reached XP level 10. HP: 51/63 MP: 5/19
  8773 | D:8      | Noticed a two-headed ogre
  8779 | D:8      | Killed a two-headed ogre
  8859 | D:8      | Found an iron altar of Okawaru.
  8954 | D:8      | Killed a two-headed ogre
  8955 | D:8      | Reached skill level 5 in Conjurations
  9112 | D:8      | Found Kieqoplo's Magic Scroll Shop.
  9119 | D:8      | Bought a scroll of identify for 22 gold pieces
  9314 | D:9      | Found a shadowy altar of Dithmenos.
  9395 | D:9      | Learned a level 5 spell: Lee's Rapid Deconstruction
  9605 | D:9      | Found Valuiduj's Jewellery Shop.
  9614 | D:9      | Bought a +5 ring of evasion for 468 gold pieces
  9623 | D:9      | Found a stormy altar of Qazlal.
  9769 | D:9      | Reached XP level 11. HP: 69/69 MP: 19/22
  9991 | D:9      | Found a staircase to the Orcish Mines.
 10096 | D:10     | Entered Level 10 of the Dungeon
 10188 | D:10     | Noticed a two-headed ogre
 10193 | D:10     | Killed a two-headed ogre
 10280 | D:10     | Identified the +3 leather armour "Befry" {rC+ rN+}
 10409 | D:10     | Found a staircase to the Lair.
 11356 | D:10     | Learned a level 6 spell: Bombard
 11385 | Lair:1   | Entered Level 1 of the Lair of Beasts
 12480 | Lair:2   | Noticed a five-headed hydra
 12485 | Lair:2   | Killed a five-headed hydra
 12609 | Lair:2   | Reached XP level 12. HP: 46/77 MP: 15/24
 12756 | Lair:2   | Reached skill level 10 in Fighting
 12756 | Lair:2   | Reached skill level 10 in Earth Magic
 12932 | Lair:2   | Noticed Maggie
 12940 | Lair:2   | Killed Maggie
 13833 | Lair:2   | Noticed a four-headed hydra
 13860 | Lair:2   | Killed a four-headed hydra
 14666 | Lair:3   | Found a staircase to the Swamp.
 14666 | Lair:3   | Noticed a ghost crab
 14669 | Lair:3   | Killed a ghost crab
 14758 | Lair:3   | Noticed an eight-headed hydra
 15036 | Lair:3   | Found a hole to the Spider Nest.
 15116 | Lair:3   | Reached XP level 13. HP: 55/84 MP: 26/26
 15775 | Lair:4   | Reached skill level 10 in Spellcasting
 15775 | Lair:4   | Reached skill level 10 in Conjurations
 16461 | Lair:4   | Identified the +1 leather armour of the Albatross {rC+
                  | Regen+ Int+3}
 16537 | Lair:4   | Found a staircase to the Slime Pits.
 16545 | Lair:4   | Found a viscous altar of Jiyva.
 17079 | Lair:5   | Entered Level 5 of the Lair of Beasts
 18392 | Lair:5   | Gained mutation: Your large and strong wings let you fly.
                  | [Gargoyle growth]
 18392 | Lair:5   | Reached XP level 14. HP: 92/92 MP: 29/29
 19706 | Lair:5   | Learned a level 2 spell: Passwall
 19742 | Lair:5   | Mangled by a death yak

Illustrated notes

Levels and vault maps discovered:
D:1:      saegor_arrival_simple_c, layout_basic
D:2:      layout_basic, shapermc_ecumenical_altar_petra, minmay_tromino_mix6,
          uniq_jessica, uniq_robin
D:3:      layout_basic, grunt_temple_overflow_cloverleaf
D:4:      layout_basic, mainiacjoe_overflow_surrounded_room
D:5:      layout_basic, kennysheep_generic_room_15, uniq_pikel
D:6:      layout_basic, uniq_grinder
D:7:      layout_basic, minmay_temple_entry_from_below_b, grunt_ministairs_7,
          chequers_serial_rivers_small_3
D:8:      layout_cave_pools, kennysheep_mini, serial_shops, shop_fountains,
          kennysheep_flooded_box, uniq_maurice
D:9:      layout_roguey, mainiacjoe_overflow_boulevard,
          nicolae_qazlal_scattered_showers, serial_shops, nicolae_shop_crystal
D:10:     layout_stronghold, erik_lair_orcish_takeover
Lair:1:   layout_chaotic_city, cheibrodos_lair_caveside_slide
Lair:2:   layout_regular_city, nicolae_quartered_pool_super,
          hangedman_lair_generics_rect, uniq_maggie
Lair:3:   layout_roguey, nicolae_swamp_entry_spooky,
          hellmonk_spider_entry_not_the_bees, minivault_25
Lair:4:   layout_regular_city, nicolae_slime_entry_field_trip
Lair:5:   wormcave, layout_cave_shapes, hangedman_lair_in_review,
          nicolae_lair_lakeside_cave

Skill      XL: |  1  2  3  4  5  6  7  8  9 10 11 12 13 14 |
---------------+-------------------------------------------+-----
Earth Magic    | 4 5 6 7 8 9 11 13 | 13.6
Fighting       | 1 2 3 4 5 7 8 9 11 12 13 | 13.1
Stealth        | 3 4 5 6 8 9 |  9.2
Spellcasting   | 3 4 5 6 7 8 9 11 | 11.4
Conjurations   | 4 6 7 9 11 | 11.8
Evocations     | 2 4 |  4.9
Dodging        | |  1.6
Transmutations | |  0.9

Action                     |  1- 3 |  4- 6 |  7- 9 | 10-12 | 13-15 || total
---------------------------+-------+-------+-------+-------+-------++-------
  Melee: Whip              |    11 |    40 |     4 |       |       ||    55
         Punch             |       |     1 |       |     3 |     1 ||     5
         Short sword       |       |       |     7 |       |    10 ||    17
         Staff             |       |       |     1 |    44 |    20 ||    65
   Cast: Sandblast         |    35 |    88 |   109 |   213 |   169 ||   614
         Stone Arrow       |       |       |    19 |    44 |    78 ||   141
         Lee's Rapid Decon |       |       |       |    25 |    34 ||    59
         Brom's Barrelling |       |       |       |     6 |       ||     6
         Bombard           |       |       |       |     2 |    11 ||    13
         Passwall          |       |       |       |       |     1 ||     1
  Evoke: Wand              |       |       |     7 |     5 |     5 ||    17
    Use: Scroll            |       |    13 |     4 |     2 |     2 ||    21
         Potion            |       |       |     1 |       |     2 ||     3
   Stab: Invisible         |       |       |       |       |     1 ||     1
 Armour: Robe              |     9 |    70 |    82 |   199 |   241 ||   601
  Dodge: Dodged            |    24 |    56 |    82 |   273 |   263 ||   698

Table legend: (Time is in decaauts)
 A = Elapsed time spent in this place.
 B = Non-inter-level travel time spent in this place.
 C = Inter-level travel time spent in this place.
 D = Time resting spent in this place.
 E = Time spent auto-exploring this place.
 F = Levels seen in this place.
 G = Mean time per level.
                   A        B        C        D        E       F      G
               +--------+--------+--------+--------+--------+-----+--------+
         Total |  20117 |  19237 |    880 |    892 |  15410 |  15 | 1341.1 |
       Dungeon |  11563 |  10836 |    727 |    313 |   8949 |  10 | 1156.3 |
          Lair |   8554 |   8401 |    153 |    579 |   6461 |   5 | 1710.8 |
               +--------+--------+--------+--------+--------+-----+--------+

Top non-repeatable levels by time:
  Lair:5: 2332 daAuts
  Lair:2: 2001 daAuts
  Lair:4: 1760 daAuts
  Lair:3: 1561 daAuts
     D:4: 1465 daAuts
     D:7: 1276 daAuts
     D:1: 1242 daAuts
     D:5: 1241 daAuts
    D:10: 1181 daAuts
     D:8: 1161 daAuts
     D:6: 1072 daAuts
     D:2: 1013 daAuts
     D:9: 977 daAuts
     D:3: 931 daAuts
  Lair:1: 898 daAuts
